[Event "SVK Extraliga 2017-18"]
[Site "Slovakia"]
[Date "2017.10.01"]
[Round "2"]
[White "Haring, Filip"]
[Black "Pinter, Erik"]
[Result "1-0"]
[ECO "B35"]
[WhiteElo "2232"]
[BlackElo "2393"]
[Annotator "NA"]
[PlyCount "77"]
[EventDate "2017.09.30"]
[EventType "team-tourn"]
[EventCountry "SVK"]
[SourceTitle "playchess.com"]
[Source "ChessBase"]
[SourceQuality "1"]
[TimeControl "40/5400+30:1800+30"]

1. e4 c5 2. Nf3 Nc6 3. d4 cxd4 4. Nxd4 g6 5. Nc3 Bg7 6. Be3 Nf6 7. Bc4 O-O 8. Bb3 d6 9. f3 Bd7 10. Qd2 Nxd4 11. Bxd4 b5 12. a4 bxa4 {[%emt 0:00:05] B77: Sicilian Dragon: Yugoslav Attack, 9 Bc4 sidelines} (12... b4 13. Nd5 Nxd5 14. Bxg7 Kxg7 15. exd5 Qb6 16. h4 h5 17. O-O-O Qa5 18. g4 Bxa4 19. Kb1 Bxb3 20. cxb3 {0-1 (33) Vachier Lagrave,M (2796)-Giri,A (2771) Stavanger 2017}) 13. Bxa4 Rb8 14. Bb3 Be6 15. Bxe6 fxe6 16. b3 $146 ({Predecessor:} 16. Ra2 a5 17. O-O Rb4 18. Ne2 e5 19. Bc3 {½-½ (72) Zambrana,O (2480)-Fier,A (2601) Campinas 2010}) 16... a5 17. O-O Qc7 18. Ne2 Rfc8 19. Rfc1 Rb4 20. Kh1 Nd7 21. Bxg7 Kxg7 22. Qg5 Nc5 23. Nf4 Rf8 24. Qxc5 $1 Qxc5 25. Nxe6+ Kf7 26. Nxc5 dxc5 27. Rxa5 Rc8 28. Kg1 Rd4 29. Kf2 Rd2+ $18 30. Kg3 c4 31. b4 c3 32. Ra3 Ke6 33. Rb3 Kd7 34. b5 Rc5 35. b6 h6 36. h4 Rc8 37. b7 Rb8 38. Rxc3 Rxb7 39. Rd3+ 1-0

[Event "SVK Extraliga 2017-18"]
[Site "Slovakia"]
[Date "2017.10.01"]
[Round "2"]
[White "Veres, Andrej"]
[Black "Kusiak, Matej"]
[Result "0-1"]
[ECO "A40"]
[WhiteElo "2232"]
[BlackElo "2301"]
[Annotator "NA"]
[PlyCount "118"]
[EventDate "2017.09.30"]
[EventType "team-tourn"]
[EventCountry "SVK"]
[SourceTitle "playchess.com"]
[Source "ChessBase"]
[SourceQuality "1"]
[TimeControl "40/5400+30:1800+30"]

1. d4 g6 2. Nf3 Bg7 3. c4 d6 4. Nc3 e5 5. dxe5 dxe5 6. Qxd8+ Kxd8 7. Bg5+ f6 8. O-O-O+ Ke8 {[%emt 0:00:42] A41: 1 d4 d6: Tartakower System and Modern Defence} 9. Bd2 Be6 10. e4 (10. e3 Nh6 11. Bd3 Nf7 12. h4 Nd7 13. b3 Nc5 14. Bc2 c6 15. h5 f5 16. Nh4 {1-0 (80) Granda Zuniga,J (2688)-Del Rio de Angelis,S (2556) Atarrabia 2016}) 10... c6 11. Be2 Nd7 12. Ne1 $146 ({Predecessor:} 12. Be3 Bh6 13. Bxh6 Nxh6 14. b3 Ke7 15. Rd2 Rhd8 16. Rhd1 {½-½ (31) Schmidt,J (2265)-Michna,M (2396) Germany 2012}) 12... Bh6 13. g3 Bxd2+ 14. Rxd2 Nh6 15. f4 Ke7 16. Nc2 Rad8 17. Rhd1 Ng4 18. Nd5+ cxd5 19. cxd5 Nf2 20. dxe6 Nc5 21. Rxd8 Rxd8 22. Rxd8 Kxd8 $11 23. Bc4 exf4 24. gxf4 Nfd3+ 25. Kd2 Nxf4 26. Bd5 Ncxe6 27. Bxb7 Kc7 28. Ba6 Kd6 29. Bf1 g5 30. b4 h5 31. Na3 Nd4 32. Ke3 Nc6 33. Nc2 Ne5 34. h3 Ne6 35. Na3 Nc7 36. Nc2 Ne6 37. Na3 Nc7 38. Nc2 Nc6 39. a4 Ne6 40. Be2 Nf4 41. Bf1 h4 42. a5 Ne6 43. a6 Ne5 44. Na3 Nc7 45. Be2 Kc6 46. Kd4 g4 47. hxg4 h3 48. Bf1 h2 49. Bg2 Nb5+ 50. Nxb5 Kxb5 51. g5 Nc6+ 52. Kd5 Nxb4+ 53. Kd6 fxg5 54. e5 Nxa6 55. Ke6 Nc7+ 56. Kf5 a5 57. Ke4 Kc4 58. Kf3 a4 59. Bf1+ Kc3 0-1

[Event "SVK Extraliga 2017-18"]
[Site "Slovakia"]
[Date "2017.10.01"]
[Round "2"]
[White "Lembak, Jurij"]
[Black "Gulbis, Adrian"]
[Result "1-0"]
[ECO "D24"]
[WhiteElo "2204"]
[BlackElo "2108"]
[Annotator "NA"]
[PlyCount "137"]
[EventDate "2017.09.30"]
[EventType "team-tourn"]
[EventCountry "SVK"]
[SourceTitle "playchess.com"]
[Source "ChessBase"]
[SourceQuality "1"]
[TimeControl "40/5400+30:1800+30"]

1. d4 d5 2. Nf3 Nf6 3. c4 dxc4 4. Nc3 a6 5. a4 e6 6. e3 c5 7. Bxc4 Nc6 8. O-O Be7 9. Qe2 cxd4 10. Rd1 O-O 11. exd4 Nb4 12. Bg5 Nbd5 13. Ne5 Nxc3 14. bxc3 Nd5 15. Bd2 Bf6 16. Bd3 Ne7 17. Ng4 Ng6 18. Nxf6+ Qxf6 19. Be4 Rd8 20. Qh5 h6 21. a5 Nf4 22. Qf3 Nd5 23. Qg3 Ne7 24. Rab1 Nf5 25. Bxf5 Qxf5 26. Bxh6 Qh7 27. Bg5 Rd5 28. Ra1 Qg6 29. h4 f6 30. c4 Rd8 31. Bf4 Qxg3 32. Bxg3 Bd7 33. d5 exd5 34. cxd5 Rac8 35. Rab1 Bb5 36. f3 Rc2 37. Bf2 Re8 38. Re1 Ree2 39. Rxe2 Rxe2 40. Rd1 Kf7 41. Bg3 Re7 42. Rc1 Rd7 43. Rc5 Re7 44. Kh2 Kg6 45. h5+ Kh7 46. Bf4 Kg8 47. Rc8+ Kh7 48. d6 Rf7 49. Kg1 Bc6 50. Kf2 g6 51. g4 f5 52. hxg6+ Kxg6 53. g5 Rh7 54. Rc7 Rd7 55. Ke3 Kf7 56. Rxd7+ Bxd7 57. Be5 Ke6 58. g6 Be8 59. g7 Bf7 60. Kf4 Bg8 61. Kg5 Bh7 62. Kh6 Bg8 63. Kg6 Kd7 64. Kxf5 Bf7 65. Kf6 Bd5 66. f4 Be6 67. f5 Bd5 68. Kg6 Bg8 69. Bf4 1-0

[Event "SVK Extraliga 2017-18"]
[Site "Slovakia"]
[Date "2017.10.01"]
[Round "2"]
[White "Najgebauer, Szemjon"]
[Black "Szucs, Vladimir"]
[Result "*"]
[ECO "D85"]
[WhiteElo "2202"]
[BlackElo "2125"]
[Annotator "ChessBase"]
[PlyCount "21"]
[EventDate "2017.09.30"]
[EventType "team-tourn"]
[EventCountry "SVK"]
[SourceTitle "playchess.com"]
[Source "ChessBase"]
[SourceQuality "1"]
[TimeControl "40/5400+30:1800+30"]

1. d4 Nf6 2. c4 g6 3. Nc3 d5 4. cxd5 Nxd5 5. e4 Nxc3 6. bxc3 Bg7 7. Be3 c5 8. Qd2 O-O 9. Nf3 cxd4 10. cxd4 Nc6 11. Rd1 *

[Event "SVK Extraliga 2017-18"]
[Site "Slovakia"]
[Date "2017.10.01"]
[Round "2"]
[White "Hros, Roman"]
[Black "Lisko, Frantisek"]
[Result "1-0"]
[ECO "A13"]
[WhiteElo "2181"]
[BlackElo "2251"]
[Annotator "NA"]
[PlyCount "63"]
[EventDate "2017.09.30"]
[EventType "team-tourn"]
[EventCountry "SVK"]
[SourceTitle "playchess.com"]
[Source "ChessBase"]
[SourceQuality "1"]
[TimeControl "40/5400+30:1800+30"]

1. Nf3 Nf6 2. c4 e6 3. g3 d5 4. Bg2 dxc4 5. Qa4+ Nbd7 6. O-O c5 7. Qxc4 a6 8. Qc2 Be7 {[%emt 0:01:12] A13: Reti-Eröffnung} (8... b5 9. a4 Bb7 10. Nc3 Qb6 11. d3 Be7 12. axb5 axb5 13. Rxa8+ Bxa8 14. Qb3 Nd5 15. Bg5 Nxc3 16. Qxc3 f6 17. Bd2 O-O 18. Ra1 Bb7 19. Ne1 Bxg2 20. Nxg2 {1-0 (53) Aronian,L (2797)-Wojtaszek,R (2744) Beijing 2014}) 9. b3 O-O 10. Bb2 Nd5 11. Nc3 Nb4 12. Qb1 Nf6 $146 ({Vorgänger:} 12... Rb8 13. d4 Nf6 14. Rd1 cxd4 15. Rxd4 Qc7 16. Rc4 {1-0 (39) Pastircak,M (2363)-Dorfanis,I (2121) Aghios Kirykos 2016}) 13. Rd1 Nc6 14. e3 e5 15. h3 Kh8 16. Kh2 h6 17. Kg1 Be6 18. d4 cxd4 19. exd4 exd4 20. Ne2 Qc8 21. Nf4 Bf5 22. Qc1 $14 g5 23. g4 gxf4 24. Qxf4 Bh7 25. Nxd4 Kg7 26. Nxc6 bxc6 27. Rd6 Bf5 28. Rxc6 Qd7 29. gxf5 Qd8 30. Re1 Kh7 31. Rxe7 Qxe7 32. Rxf6 1-0

[Event "SVK Extraliga 2017-18"]
[Site "Slovakia"]
[Date "2017.10.01"]
[Round "2"]
[White "Borik, Juraj"]
[Black "Sepesi, Samuel"]
[Result "0-1"]
[ECO "B26"]
[WhiteElo "2164"]
[BlackElo "2183"]
[Annotator "NA"]
[PlyCount "60"]
[EventDate "2017.09.30"]
[EventType "team-tourn"]
[EventCountry "SVK"]
[SourceTitle "playchess.com"]
[Source "ChessBase"]
[SourceQuality "1"]
[TimeControl "40/5400+30:1800+30"]

1. e4 c5 2. Nc3 Nc6 3. g3 g6 4. Bg2 Bg7 5. Nge2 d6 6. d3 e5 7. Be3 Nge7 8. Qd2 O-O 9. Bh6 Rb8 10. h4 f6 11. Bxg7 Kxg7 12. Nd5 h5 13. O-O-O Nxd5 14. exd5 Ne7 15. Kb1 b5 16. f3 Nxd5 17. g4 Rh8 18. gxh5 Rxh5 19. f4 Nxf4 20. Nxf4 exf4 21. Qxf4 Qe7 22. Rde1 Re5 23. Reg1 Rf5 24. Qg3 Qe5 25. Be4 Rf1+ 26. Rxf1 Qxg3 27. Rfg1 Qe5 28. Bxg6 Bb7 29. Rh3 Kh6 30. Bf7 Bg2 0-1

[Event "SVK Extraliga 2017-18"]
[Site "Slovakia"]
[Date "2017.10.01"]
[Round "2"]
[White "Hlinka, Michal"]
[Black "Blaho, Stefan"]
[Result "1-0"]
[ECO "E06"]
[WhiteElo "2155"]
[BlackElo "2029"]
[Annotator "NA"]
[PlyCount "102"]
[EventDate "2017.09.30"]
[EventType "team-tourn"]
[EventCountry "SVK"]
[SourceTitle "playchess.com"]
[Source "ChessBase"]
[SourceQuality "1"]
[TimeControl "40/5400+30:1800+30"]

1. d4 d5 2. Nf3 Nf6 3. c4 e6 4. g3 Be7 5. Bg2 O-O 6. O-O b6 7. Nc3 Bb7 8. Ne5 Qc8 9. cxd5 exd5 10. Bf4 Qe6 11. Rc1 a6 12. Qb3 Bd6 13. Rfe1 Nc6 14. e4 Nxd4 15. Qd1 c5 16. exd5 Qc8 17. Bg5 Nd7 18. Nc4 Bb8 19. Bh3 f5 20. Re7 b5 21. Na5 Bd6 22. Re6 Bc7 23. Nxb7 Qxb7 24. Bg2 Qb8 25. Re7 Bd8 26. Qh5 Bxe7 27. Bxe7 Nf6 28. Qh4 b4 29. Bxc5 bxc3 30. Qxd4 cxb2 31. Rb1 Re8 32. Rxb2 Re1+ 33. Bf1 Qe8 34. d6 Qc6 35. Bb4 Rc1 36. Bd2 Rd1 37. Qd3 Kh8 38. Qe2 Ra1 39. h3 Re8 40. Be3 Qxd6 41. Rd2 Qc6 42. Kh2 Qc1 43. Kg2 Qc6+ 44. Kh2 Qc1 45. Kg2 h6 46. Qc4 Qe1 47. Qe2 Qc1 48. Qc4 Qe1 49. Qe2 Qb1 50. Qxa6 Qe4+ 51. Kh2 Ra8 1-0

[Event "SVK Extraliga 2017-18"]
[Site "Slovakia"]
[Date "2017.10.01"]
[Round "2"]
[White "Szucs, Vladimir"]
[Black "Najgebauer, Szemjon"]
[Result "0-1"]
[ECO "D85"]
[WhiteElo "2125"]
[BlackElo "2202"]
[Annotator "NA"]
[PlyCount "64"]
[EventDate "2017.09.30"]
[EventType "team-tourn"]
[EventCountry "SVK"]
[SourceTitle "playchess.com"]
[Source "ChessBase"]
[SourceQuality "1"]
[TimeControl "40/5400+30:1800+30"]

1. d4 Nf6 2. c4 g6 3. Nc3 d5 4. cxd5 Nxd5 5. e4 Nxc3 6. bxc3 Bg7 7. Be3 c5 8. Qd2 O-O 9. Nf3 cxd4 10. cxd4 Nc6 11. Rd1 a6 12. d5 Ne5 13. Nxe5 Bxe5 14. Be2 b5 15. f4 Bc7 16. O-O Bb6 17. Bf3 Rb8 18. Rc1 Bd7 19. e5 b4 20. Bxb6 Qxb6+ 21. Qf2 Qxf2+ 22. Kxf2 Rfc8 23. Be2 a5 24. Ke3 b3 25. Rxc8+ Rxc8 26. axb3 Rc3+ 27. Bd3 Rxd3+ 28. Kxd3 Bb5+ 29. Kd4 Bxf1 30. g3 Kf8 31. Kc5 Bg2 32. d6 exd6+ 0-1

[Event "SVK Extraliga 2017-18"]
[Site "Slovakia"]
[Date "2017.10.01"]
[Round "2"]
[White "Gulbis, Adrian"]
[Black "Lembak, Jurij"]
[Result "*"]
[WhiteElo "2108"]
[BlackElo "2204"]
[Annotator "NA"]
[PlyCount "20"]
[EventDate "2017.09.30"]
[EventType "team-tourn"]
[EventCountry "SVK"]
[SourceTitle "playchess.com"]
[Source "ChessBase"]
[SourceQuality "1"]
[TimeControl "40/5400+30:1800+30"]

1. d4 d5 2. Nf3 Nf6 3. c4 dxc4 4. Nc3 a6 5. a4 e6 6. e3 c5 7. Bxc4 Nc6 8. O-O Be7 9. Qe2 {[%emt 0:02:52] LiveBook: 514 Partien} cxd4 10. Rd1 O-O $11 *

[Event "SVK Extraliga 2017-18"]
[Site "Slovakia"]
[Date "2017.10.01"]
[Round "2"]
[White "Hanko, Pavol"]
[Black "Hrabusa, Matej"]
[Result "0-1"]
[ECO "D30"]
[WhiteElo "2087"]
[BlackElo "2359"]
[Annotator "NA"]
[PlyCount "62"]
[EventDate "2017.09.30"]
[EventType "team-tourn"]
[EventCountry "SVK"]
[SourceTitle "playchess.com"]
[Source "ChessBase"]
[SourceQuality "1"]
[TimeControl "40/5400+30:1800+30"]

1. d4 Nf6 2. Nf3 d5 3. c4 e6 4. Bg5 Bb4+ 5. Nbd2 dxc4 6. Qc2 {[%emt 0:05:09] D30: Queen's Gambit Declined: Systems without Nc3} (6. e3 b5 7. a4 c6 8. Be2 Nbd7 9. O-O Qb6 10. Qc2 Bb7 11. b3 c3 12. Nb1 c5 13. Nxc3 cxd4 14. Nxb5 Rc8 15. Qb2 a6 16. a5 Qc5 17. exd4 Qf5 18. Bd2 Be7 19. Nc3 O-O 20. Nh4 {1-0 (20) Mamedyarov,S (2800)-Inarkiev,E (2707) Geneve 2017}) 6... b5 7. a4 c6 8. e4 h6 9. Bxf6 Qxf6 10. Be2 Bb7 11. O-O O-O 12. e5 $146 ({Predecessor:} 12. b3 cxb3 13. Nxb3 a6 14. Nc5 Bxc5 15. dxc5 Nd7 16. Rad1 Qe7 17. Rd6 e5 18. Rfd1 Nf6 19. Qd3 {½-½ (19) Onischuk,A (2655)-Kaidanov,G (2596) Chicago 2002}) 12... Qg6 13. Qxg6 fxg6 14. Ne4 a6 15. Rab1 Nd7 16. b3 cxb3 17. Rxb3 c5 18. dxc5 Bxc5 19. Nfd2 Bd5 20. Rc3 Bb4 21. Rc7 Nxe5 22. axb5 axb5 23. Bxb5 Rfb8 24. f4 Ng4 25. Bd3 Ne3 26. Rb1 {[%emt 0:01:24] [#]} Nxg2 $19 27. Kxg2 Bxd2 28. Rxb8+ Rxb8 29. Kg3 Rb3 30. Nc5 Rc3 31. Kf2 Bxf4 0-1

[Event "SVK Extraliga 2017-18"]
[Site "Slovakia"]
[Date "2017.10.01"]
[Round "2"]
[White "Pcola, Jaroslav"]
[Black "Zatko, Gregor"]
[Result "1-0"]
[ECO "B06"]
[WhiteElo "2083"]
[BlackElo "2205"]
[Annotator "NA"]
[PlyCount "71"]
[EventDate "2017.09.30"]
[EventType "team-tourn"]
[EventCountry "SVK"]
[SourceTitle "playchess.com"]
[Source "ChessBase"]
[SourceQuality "1"]
[TimeControl "40/5400+30:1800+30"]

1. e4 g6 2. d4 Bg7 3. Nc3 d6 4. g3 Nc6 5. Be3 e5 6. dxe5 Nxe5 7. f4 Bg4 8. Be2 Nc4 9. Bc1 Bxe2 10. Ngxe2 Ne7 11. Qd3 Nb6 12. Be3 c6 13. O-O-O d5 14. Bd4 O-O 15. Bxg7 Kxg7 16. f5 Qd6 17. Rhf1 gxf5 18. Qd4+ Kg8 19. exf5 f6 20. Qg4+ Kh8 21. Rf4 Rg8 22. Qf3 Qc5 23. Nd4 Nc4 24. Re1 Ne5 25. Qh5 Nc8 26. Qxh7+ Kxh7 27. Rh4+ Kg7 28. Ne6+ Kf7 29. Rh7+ Ke8 30. Nxc5 b6 31. Ne6 Rb8 32. Nc7+ Kd8 33. Ne6+ Ke8 34. Ng7+ Kd8 35. Nh5 Nf3 36. Nxf6 1-0

[Event "SVK Extraliga 2017-18"]
[Site "Slovakia"]
[Date "2017.10.01"]
[Round "2"]
[White "Magat, Jozef"]
[Black "Tropp, Oliver"]
[Result "1-0"]
[ECO "C15"]
[WhiteElo "2079"]
[BlackElo "2222"]
[Annotator "NA"]
[PlyCount "45"]
[EventDate "2017.09.30"]
[EventType "team-tourn"]
[EventCountry "SVK"]
[SourceTitle "playchess.com"]
[Source "ChessBase"]
[SourceQuality "1"]
[TimeControl "40/5400+30:1800+30"]

1. e4 e6 2. d4 d5 3. Nc3 Bb4 4. exd5 exd5 5. Bd3 Nc6 6. a3 Bxc3+ 7. bxc3 Nge7 8. Nf3 Bg4 9. O-O Qd7 10. Bf4 f6 11. h3 Bh5 12. Re1 O-O-O 13. a4 g5 14. Bg3 Rdg8 15. Qe2 Bf7 16. Rab1 Nf5 17. Bxf5 Qxf5 18. Qb5 Kd7 19. Qxb7 Rc8 20. Nd2 Rhe8 21. Nb3 Ne7 22. Nc5+ Kd8 23. Qb5 1-0

[Event "SVK Extraliga 2017-18"]
[Site "Slovakia"]
[Date "2017.10.01"]
[Round "2"]
[White "Szeko, Ludovit"]
[Black "Tauber, Marek"]
[Result "0-1"]
[ECO "B32"]
[WhiteElo "2042"]
[BlackElo "2129"]
[Annotator "NA"]
[PlyCount "119"]
[EventDate "2017.09.30"]
[EventType "team-tourn"]
[EventCountry "SVK"]
[SourceTitle "playchess.com"]
[Source "ChessBase"]
[SourceQuality "1"]
[TimeControl "40/5400+30:1800+30"]

1. e4 c5 2. Nf3 Nc6 3. d4 cxd4 4. Nxd4 e5 5. Nb5 a6 6. N5c3 Nf6 7. a4 Bb4 8. Bc4 O-O 9. O-O h6 10. Be3 d6 11. Qe2 Bg4 12. f3 Be6 13. Rd1 Nd4 14. Bxd4 exd4 15. Na2 Bc5 16. Bd3 Nh5 17. g3 Qg5 18. Qg2 f5 19. exf5 Bxf5 20. f4 Qg4 21. Nd2 Nf6 22. Re1 Rae8 23. b4 Ba7 24. Qxb7 Bb8 25. Qf3 Qg6 26. b5 axb5 27. axb5 d5 28. Nb4 Be4 29. Nc6 Bd6 30. f5 Qg5 31. Nxe4 dxe4 32. Bxe4 Nxe4 33. Rxe4 Rxe4 34. Qxe4 Qxf5 35. Qxf5 Rxf5 36. Rb1 Bc5 37. Kg2 Rf6 38. Rd1 Bb6 39. Nxd4 Rd6 40. c3 Rd5 41. Rb1 Kf7 42. Kf3 Ke7 43. Ke4 Rg5 44. Kd3 Kd6 45. Kc4 g6 46. Rf1 Rg4 47. Rf7 h5 48. Rf6+ Kc7 49. Rf4 Rxf4 50. gxf4 Kd6 51. Kd3 Kd7 52. h3 Kd6 53. c4 Ba5 54. Nb3 Bd8 55. Ke4 g5 56. c5+ Ke6 57. Nd4+ Kd7 58. fxg5 Bxg5 59. Kd5 Bd8 60. b6 0-1

[Event "SVK Extraliga 2017-18"]
[Site "Slovakia"]
[Date "2017.10.01"]
[Round "2"]
[White "Casal Martin, Jose M"]
[Black "Haring, Viktor"]
[Result "1-0"]
[ECO "B56"]
[WhiteElo "1473"]
[BlackElo "2297"]
[Annotator "NA"]
[PlyCount "109"]
[EventDate "2017.09.30"]
[EventType "team-tourn"]
[EventCountry "SVK"]
[SourceTitle "playchess.com"]
[Source "ChessBase"]
[SourceQuality "1"]
[TimeControl "40/5400+30:1800+30"]

1. e4 c5 2. Nf3 d6 3. d4 cxd4 4. Nxd4 Nf6 5. Nc3 Nc6 6. g3 g6 7. Bg2 Nxd4 8. Qxd4 Bg7 9. O-O O-O 10. a4 Bd7 {[%emt 0:05:12] B70: Sicilian Dragon: 6 g3 and 6 Be2 (without a later Be3)} (10... Be6 11. Qb4 a5 12. Qxb7 Nd7 13. Qb5 Rc8 14. Rd1 Ne5 15. Qe2 Nc4 16. Rb1 Nxb2 17. Bxb2 Bxc3 18. e5 {½-½ (94) Spangenberg,H (2487)-Mekhitarian,K (2570) Buenos Aires 2015}) 11. a5 Bc6 12. Qb4 Nd7 $146 ({Predecessor:} 12... Qc8 13. h3 Rd8 14. Rd1 Rd7 15. Kh2 Rc7 16. Be3 h5 17. Rd2 {1-0 (32) Cosma,E (2330)-Calzetta Ruiz,M (2130) Kishinev 1995}) 13. Re1 b6 14. Nd5 Bxd5 15. exd5 bxa5 16. Rxa5 Rb8 17. Rb5 Ne5 18. Rxb8 Qxb8 19. Qxb8 Rxb8 20. f4 Ng4 21. h3 Bd4+ 22. Kf1 Nf6 23. c3 Bc5 24. g4 Kf8 25. Bf3 a5 26. Ke2 $14 Rb5 27. Kd1 Ba7 28. g5 Nd7 29. Kc2 a4 30. h4 Nc5 31. h5 Nb3 32. Re4 Nc5 33. Rc4 Ra5 34. h6 Ke8 35. Rb4 Kd8 36. Be3 Na6 37. Bb6+ Bxb6 38. Rxb6 Kc7 39. Rc6+ Kb7 40. Rc4 Nc5 41. f5 a3 42. bxa3 Rxa3 43. Rxc5 dxc5 44. d6+ Kc8 45. dxe7 Kd7 46. f6 Ra6 47. Bd5 Ke8 48. Kd3 Rd6 49. Kc4 Rd7 50. Be4 Rc7 51. Bd5 Rc8 52. Kb5 c4 53. Bxc4 Rc7 54. Kb4 Rc6 55. Bb5 1-0

[Event "SVK Extraliga 2017-18"]
[Site "Slovakia"]
[Date "2017.12.09"]
[Round "5"]
[White "Roubalik, Jakub"]
[Black "Karas, Marek"]
[Result "1-0"]
[ECO "A84"]
[WhiteElo "2396"]
[BlackElo "2240"]
[Annotator "NA"]
[PlyCount "63"]
[EventDate "2017.??.??"]
[EventType "team-tourn"]
[EventCountry "SVK"]
[SourceTitle "playchess.com"]
[Source "ChessBase"]
[SourceQuality "1"]
[TimeControl "40/5400+30:1800+30"]

1. d4 e6 2. c4 f5 3. Nc3 Nf6 4. Nf3 Bb4 5. Qb3 Qe7 6. a3 Bxc3+ 7. Qxc3 O-O 8. b4 b6 9. e3 Bb7 10. Be2 d6 11. Bb2 Ne4 12. Qc2 Nd7 13. O-O {[%emt 0:00:25] LiveBook: 31 Games} Ng5 {[%emt 0:10:26] E32: Nimzo-Indian: Classical (4 Qc2): 4...0-0} (13... c5 14. Nd2 Qg5 15. f4 Qg6 16. Nf3 Ndf6 17. Rad1 Ng4 18. Qb3 Qh6 19. bxc5 Nxc5 20. dxc5 Bxf3 21. h3 Bxe2 22. hxg4 fxg4 23. e4 Bxf1 24. Rxf1 Rxf4 {0-1 (24) Karpov,A (2619)-Anand,V (2788) Moscow 2009}) 14. d5 Nxf3+ 15. Bxf3 e5 16. e4 g6 $146 ({Predecessor:} 16... f4 17. Bc3 Qh4 18. c5 Nf6 19. a4 Bc8 20. Qe2 g5 21. g3 {½-½ (55) Galperin,I (2000)-Korovin,A (2000) ICCF email 2008}) 17. g3 f4 18. Bg4 h5 19. Be6+ Kh7 20. f3 g5 21. Qg2 (21. Bf5+ $16 Kh8 22. gxf4 gxf4 23. Kh1) 21... Kh6 (21... Nf6 $11 {keeps the balance.}) 22. Kh1 fxg3 (22... Rae8 $142 23. Rg1 Bc8) 23. Qxg3 ({Much less strong is} 23. hxg3 $6 Nf6 $16) 23... Nf6 $2 (23... Rf4 24. Bc1 Nf8) 24. h4 Nh7 $2 (24... g4 25. fxg4 hxg4 26. Bxg4 Nh5) 25. hxg5+ Qxg5 26. Bc1 Rf4 $18 27. Bxf4 exf4 28. Qh2 Qg3 29. Qxg3 fxg3 30. f4 Re8 31. Kg2 Nf6 32. Rae1 1-0

[Event "SVK Extraliga 2017-18"]
[Site "Slovakia"]
[Date "2017.12.09"]
[Round "5"]
[White "Hrabusa, Matej"]
[Black "Repkova, Eva"]
[Result "1/2-1/2"]
[ECO "A05"]
[WhiteElo "2376"]
[BlackElo "2301"]
[Annotator "NA"]
[PlyCount "66"]
[EventDate "2017.??.??"]
[EventType "team-tourn"]
[EventCountry "SVK"]
[SourceTitle "playchess.com"]
[Source "ChessBase"]
[SourceQuality "1"]
[TimeControl "40/5400+30:1800+30"]

1. Nf3 Nf6 2. c4 e6 3. g3 b6 4. Bg2 Bb7 5. O-O Be7 6. b3 O-O 7. Bb2 d6 8. d4 Nbd7 {[%emt 0:00:07] LiveBook: 34 Games} 9. Re1 {[%emt 0:02:41] E17: Queen's Indian: 4 g3 Bb7 5 Bg2 Be7} (9. Nbd2 Ne4 10. Nxe4 Bxe4 11. Nd2 Bxg2 12. Kxg2 Qc8 13. e3 Qb7+ 14. Qf3 Qxf3+ 15. Kxf3 {½-½ (15) Kurajica,B (2556)-Savic,M (2515) Sarajevo 2012}) 9... Ne4 10. Nfd2 f5 11. Qc2 $146 Ndf6 12. Nc3 d5 13. Ncxe4 fxe4 14. f3 Qe8 15. cxd5 exd5 16. Qxc7 Bb4 17. Nxe4 dxe4 18. Qxb7 Rf7 19. Qa6 Bxe1 20. Rxe1 exf3 21. Bxf3 Qe3+ 22. Kg2 (22. Kh1 $5 Ne4 23. Qc4 $11) 22... Ne4 23. Rf1 Raf8 24. d5 {[%emt 0:04:51] [#]} Rxf3 $1 25. Rxf3 Rxf3 26. exf3 Qd2+ 27. Kh1 (27. Kh3 $11 {hält das Gleichgewicht.} Nf2+ 28. Kg2 Nd1+ 29. Kh3 Nf2+ 30. Kg2 Ng4+ 31. Kh3 Nf2+) 27... Qd1+ $1 28. Kg2 Qc2+ 29. Kh3 {[%emt 0:04:19] [#]} (29. Kg1 $1 $15 Ng5 30. d6 Nxf3+ 31. Kf1) 29... Nf2+ $2 (29... Ng5+ $1 $19 30. Kg4 g6) 30. Kh4 Qc7 (30... Qxb2 $5 31. Qc8+ $8 Kf7 32. Qe6+ Kf8 $11) 31. Bf6 $1 gxf6 32. Qe2 Qc5 33. g4 $11 Nh1 1/2-1/2

[Event "SVK Extraliga 2017-18"]
[Site "Slovakia"]
[Date "2017.12.09"]
[Round "5"]
[White "Zetocha, Claudiu"]
[Black "Haring, Filip"]
[Result "0-1"]
[ECO "D45"]
[WhiteElo "2352"]
[BlackElo "2267"]
[Annotator "NA"]
[PlyCount "57"]
[EventDate "2017.??.??"]
[EventType "team-tourn"]
[EventCountry "SVK"]
[SourceTitle "playchess.com"]
[Source "ChessBase"]
[SourceQuality "1"]
[TimeControl "40/5400+30:1800+30"]

1. Nf3 d5 2. d4 Nf6 3. c4 e6 4. Nc3 c6 5. e3 Be7 6. Bd3 dxc4 7. Bxc4 b5 8. Be2 O-O 9. O-O Bb7 10. Qc2 Nbd7 11. Rd1 Rc8 12. a3 $11 c5 13. Bxb5 Bxf3 14. gxf3 cxd4 15. Rxd4 Qc7 16. Qd1 Ne5 17. Be2 Bc5 18. Rd2 Ng6 19. Na4 Qe5 20. Nxc5 Qxc5 21. Rd4 Qg5+ 22. Kh1 e5 23. Rd6 Ne8 24. Rd2 Rc6 25. Qg1 Qh6 26. Rd8 Qh4 27. Bb5 Rxc1 28. Bf1 Rc6 29. Ra8 0-1

[Event "SVK Extraliga 2017-18"]
[Site "Slovakia"]
[Date "2017.12.09"]
[Round "5"]
[White "Briestensky, Rastislav"]
[Black "Urhegyi, Marton"]
[Result "1-0"]
[ECO "B50"]
[WhiteElo "2322"]
[BlackElo "2249"]
[Annotator "NA"]
[PlyCount "104"]
[EventDate "2017.??.??"]
[EventType "team-tourn"]
[EventCountry "SVK"]
[SourceTitle "playchess.com"]
[Source "ChessBase"]
[SourceQuality "1"]
[TimeControl "40/5400+30:1800+30"]

1. e4 c5 2. Nf3 d6 3. g3 Nc6 4. Bg2 g6 5. O-O {[%emt 0:02:11] LiveBook: 151 Partien} Bg7 6. d3 e6 7. Re1 Nge7 8. c3 {[%emt 0:00:14] A04: Unusual lines after 1 Nf3 and King's Indian Attack} d5 (8... O-O 9. Na3 e5 10. Nc2 h6 11. b4 b6 12. Be3 Kh7 13. bxc5 bxc5 14. d4 exd4 15. cxd4 d5 16. exd5 Nxd5 17. dxc5 Nxe3 18. Nxe3 Bxa1 19. Qxa1 {½-½ (102) Lie,K (2533)-Ragger,M (2689) Norway 2016}) 9. e5 O-O 10. h4 b5 $146 ({Predecessor:} 10... Qc7 11. Bf4 Qb6 12. Qc1 f6 13. Nbd2 fxe5 14. Nxe5 Nxe5 15. Bxe5 Bxe5 16. Rxe5 Nc6 17. Re1 {½-½ (33) Gardim,L (1591)-Calixto,R (1829) Ribeirao Preto 2014}) 11. Bf4 c4 12. d4 b4 13. h5 Re8 14. Nbd2 bxc3 15. bxc3 Qa5 16. Qc1 Bd7 17. Nf1 Reb8 18. Ne3 Qb6 19. Re2 gxh5 20. Bg5 Ng6 21. Nd1 Bf8 22. Bf6 h6 23. Ne1 $11 ({Better is} 23. Nh2 $16) 23... Bg7 24. Bxg7 Kxg7 25. Qe3 Qd8 26. f4 f5 27. Bf3 h4 28. Bh5 Be8 29. g4 Nce7 30. Rg2 Rb7 31. Nf3 Rab8 32. Bxg6 Bxg6 33. Nxh4 fxg4 34. Rxg4 Rb1 35. Rxb1 Rxb1 36. Qd2 Qe8 37. Qc2 Rb6 38. Ne3 Kh7 39. Nxg6 Nxg6 40. f5 exf5 41. Qxf5 Qg8 42. Rg2 Kh8 43. Kh2 a5 44. Qh5 Kh7 45. Rf2 a4 46. Ng4 Qg7 47. Nf6+ Kh8 48. Rg2 Rxf6 49. exf6 Qc7+ 50. Kh1 Qf4 51. Rxg6 Qe4+ 52. Rg2 Qe3 1-0